 Dungeon Crawl Stone Soup version 0.18.1-48-g4cf74bf (webtiles) character file.

143070 Mesmaeker13 the Impaler (level 17, -11/133 HPs)
             Began as a Merfolk Gladiator on July 9, 2016.
             Was a High Priest of the Shining One.
             Hit by a javelin thrown by a merfolk javelineer (19 damage)
             ... on level 4 of the Shoals.
             The game lasted 01:55:45 (34507 turns).

Mesmaeker13 the Impaler (Merfolk Gladiator)        Turns: 34507, Time: 01:55:45

Health: -11/133    AC: 21    Str: 21    XL:     17   Next: 36%
Magic:  22/26      EV: 24    Int: 16    God:    the Shining One [*****.]
Gold:   1633       SH: 20    Dex: 19    Spells: 1 memorised, 12 levels left

rFire  . . .     SeeInvis .     y - +9 trident "Qoenocewed" {pierce, Int+4}
rCold  + . .     Gourm    .     E - +0 chain mail {rC+}
rNeg   + + .     Faith    .     J - +1 shield
rPois  .         Spirit   .     W - +1 hat {MR+}
rElec  .         Dismiss  .     G - +0 cloak
rCorr  .         Reflect  +     e - +2 pair of gloves {Dex+3}
SustAt .         Harm     .     (boots currently unavailable)
MR     ++...                    R - +5 amulet of reflection
Stlth  ..........               r - +5 ring of protection
                                L - +3 ring of slaying

@: mighty, very slightly contaminated, hasted, glowing, very quick, very
resistant to hostile enchantments, extremely unstealthy
A: change form in water, swift swim, mutation resistance 1
a: Divine Shield, Cleansing Flame, Summon Divine Warrior, Renounce Religion


You were on level 4 of the Shoals.
You worshipped the Shining One.
The Shining One was extremely pleased with you.
You were hungry.

You visited 5 branches of the dungeon, and saw 30 of its levels.
You also visited: Ossuary and Ice Cave.

You collected 2546 gold pieces.
You spent 913 gold pieces at shops.

Inventory:

Hand Weapons
 k - the +3 bardiche of Growth {elec, rPois MR+ Int+3}
   (You bought it in a shop on level 14 of the Dungeon)

   Occasionally, upon striking a foe, it will discharge some electrical energy
   and cause terrible harm.
   It affects your intelligence (+3).
   It protects you from poison.
   It affects your resistance to hostile enchantments.
 q - a +0 demon trident of venom
 y - the +9 trident "Qoenocewed" (weapon) {pierce, Int+4}
   (You bought it in a shop on level 8 of the Dungeon)

   It inflicts extra damage upon your enemies.
   It affects your intelligence (+4).
Missiles
 n - 4 throwing nets (quivered)
Armour
 e - a +2 pair of gloves of dexterity (worn)
 E - a +0 chain mail of cold resistance (worn)
 G - a +0 cloak (worn)
 J - a +1 shield (worn)
 U - a +2 pair of boots (melded)
 W - a +1 hat of magic resistance (worn)
Jewellery
 g - the ring "Yczeabux" {rPois rC+ MR+ Int-5 Dex+2}
   (You found it on level 8 of the Lair of Beasts)

   [ring of poison resistance]

   It affects your intelligence (-5).
   It affects your dexterity (+2).
   It protects you from cold.
   It protects you from poison.
   It affects your resistance to hostile enchantments.
 r - a +5 ring of protection (right hand)
 K - the amulet "Esigg" {Gourm rF+ Dex+4 SInv}
   (You found it on level 2 of the Lair of Beasts)

   [amulet of the gourmand]

   It allows you to eat raw meat even when not hungry.
   It affects your dexterity (+4).
   It protects you from fire.
   It lets you see invisible.
 L - a +3 ring of slaying (left hand)
 M - a +6 ring of intelligence
 R - a +5 amulet of reflection (around neck)
Wands
 B - a wand of disintegration (18/24)
 I - a wand of lightning (7/15)
 S - a wand of teleportation (4/9)
Scrolls
 a - a scroll of blinking
 f - 5 scrolls of remove curse
 l - 3 scrolls of enchant armour
 m - 6 scrolls of teleportation
 s - 2 scrolls of torment
 x - 2 scrolls of enchant weapon
 C - a scroll of amnesia
 D - a scroll of holy word
 F - 2 scrolls of immolation {unknown}
 N - 2 scrolls of identify
Potions
 b - a potion of berserk rage {unknown}
 h - a potion of agility
 i - a potion of brilliance {unknown}
 o - a potion of flight {unknown}
 t - a potion of cure mutation
 u - a potion of resistance
 w - 2 potions of haste
 A - 2 potions of might
Books
 H - a book of Debilitation

   Spells                             Type                      Level
   a - Corona                         Hexes                        1
   b - Slow                           Hexes                        2
   c - Gell's Gravitas                Hexes/Translocation          3
   d - Inner Flame                    Hexes/Fire                   3
   e - Cause Fear                     Hexes                        4
   f - Leda's Liquefaction            Hexes/Earth                  4
Comestibles
 c - a fruit
 d - 5 meat rations
 j - 3 bread rations


   Skills:
 + Level 12.3 Fighting
 - Level 17.3 Polearms
 - Level 2.0 Throwing
 - Level 8.0 Armour
 + Level 17.2 Dodging
 - Level 15.0 Shields
 + Level 6.0 Summonings
 - Level 12.0 Invocations


You had 12 spell levels left.
You knew the following spells:

 Your Spells              Type           Power        Failure   Level  Hunger
a - Summon Ice Beast      Ice/Summ       #.......     100%        4    #####..


Dungeon Overview and Level Annotations

Branches:
Dungeon (15/15)            Temple (1/1) D:5            Lair (8/8) D:8
 Shoals (4/4) Lair:4       Spider (0/4) Lair:4        Slime (0/6) Lair:6
    Orc (2/2) D:10            Elf (0/3) Orc:2        Vaults (0/5) D:14
 Depths (0/5) D:15

Altars:
Ashenzari
Cheibriados
Dithmenos
Elyvilon
Fedhas
Gozag
Kikubaaqudgha
Makhleb
Nemelex Xobeh
Okawaru
Pakellas
Qazlal
Ru
Sif Muna
Trog
Vehumet
Xom
Yredelemnul
Zin
The Shining One
Beogh
Jiyva

Shops:
D:8 [%!(   D:9 %   D:14 (   Orc:2 (=[(


Innate Abilities, Weirdness & Mutations

You revert to your normal form in water.
You are very nimble and swift while swimming.
You are somewhat resistant to further mutation.


Message History

Aim: a merfolk javelineer, wielding a spear of venom and wearing a leather armour (water, lightly wounded, haloed) Attack!
Your daeva calls down the wrath of the Shining One upon the merfolk javelineer.
The merfolk javelineer is smitten.
Drink which item? (? for menu, Esc to quit)
Okay, then.
Drink which item? (? for menu, Esc to quit)
Okay, then.
Read which item? (? for menu, Esc to quit)
Okay, then.
Unknown command.
Unknown command.
Unknown command.
Unknown command.
Unknown command.
You puncture the merfolk javelineer!
The merfolk javelineer is moderately wounded.
The merfolk javelineer throws a javelin.
The javelin hits you!!
You die...

#≈≈≈≈≈≈≈≈≈≈≈≈≈,**,
#≈≈≈≈≈(≈≈≈≈≈≈≈≈≈*,
#(≈≈≈m≈≈≈≈≈≈..≈,,*
#≈≈≈≈A≈≈≈≈≈≈≈P≈≈,,
#≈≈≈≈≈≈≈≈≈≈≈≈P≈≈,,
#≈≈≈≈≈≈≈≈≈≈≈≈≈≈≈≈≈
#≈≈≈≈E≈≈≈≈≈≈≈≈≈≈≈≈
#m≈≈≈≈≈≈≈≈≈≈≈≈≈≈≈≈
#@≈≈≈≈)≈≈≈≈≈≈≈≈≈≈≈
#≈≈≈≈≈≈)≈≈≈≈≈≈≈≈≈≈
#≈≈≈≈≈≈≈m≈≈≈≈≈≈≈≈≈
#≈≈≈≈≈≈≈≈≈≈≈≈≈≈≈≈≈
#≈≈≈≈≈≈≈≈≈≈≈≈≈≈≈≈≈
#≈≈≈≈≈≈≈≈≈≈≈≈≈≈≈≈≈
#(≈≈≈≈≈≈≈≈≈≈≈≈≈≈≈≈
##############****


You could see 2 merfolk javelineers, a merfolk, a water elemental and a friendly
daeva.

Vanquished Creatures
  Nikola (Shoals:3)
  Gastronok (D:11)
  A shadow dragon (D:15)
  A tengu reaver (D:15)
  Ilsuiw (Shoals:4)
  2 frost giants (D:15)
  A dire elephant (Lair:8)
  Snorg (Lair:3)
  6 merfolk javelineers
  An ettin (shapeshifter) (D:15)
  Harold (Orc:2)
  9 merfolk impalers
  A rakshasa (D:15)
  An anaconda (Lair:8)
  7 hydras
  3 merfolk avatars
  3 alligator snapping turtles
  An ogre mage (D:14)
  A centaur warrior (D:13)
  4 merfolk aquamancers
  The ghost of junkhipster the Blocker, a journeyman GrFi of Okawaru (D:10)
  3 death yaks (Shoals:2)
  2 satyrs
  A tengu warrior (D:14)
  2 orc high priests (Orc:2)
  Nergalle (Lair:3)
  13 sea snakes
  An unseen horror (D:12)
  The ghost of raph the Carver, a novice HEWr of Okawaru (D:6)
  A giant orange brain (D:15)
  5 hill giants
  Pikel (D:4)
  13 harpies
  An orc sorcerer (Orc:2)
  4 cyclopes
  3 ugly things (D:15)
  5 griffons
  5 elephants
  5 manticores
  9 fauns
  3 water nymphs
  10 sirens
  2 black mambas
  An ice statue (IceCv)
  A centaur skeleton (D:11)
  Joseph (D:7)
  4 rime drakes
  13 spiny frogs
  A kobold demonologist (D:15)
  10 komodo dragons
  A tengu conjurer (D:14)
  A troll (shapeshifter) (D:15)
  29 merfolk
  7 slime creatures
  A wind drake (Shoals:1)
  3 trolls
  5 two-headed ogres
  10 blink frogs
  3 snapping turtles
  A shadow (D:15)
  A redback (Lair:4)
  9 water elementals
  2 wyverns
  Sigmund (D:3)
  52 yaks
  3 basilisks
  2 hungry ghosts
  A steam dragon (D:15)
  11 hippogriffs
  5 wargs
  Menkaure (D:5)
  A mottled dragon (D:11)
  2 vampire mosquitoes (D:13)
  16 water moccasins
  A giant eyeball (shapeshifter) (D:15)
  18 orc warriors
  6 porcupines
  A black bear (D:6)
  A slave (D:4)
  15 ice beasts
  3 necrophages
  13 ogres
  6 big kobolds
  8 centaurs
  14 crocodiles
  2 gnoll sergeants
  23 giant frogs
  A water moccasin zombie (Ossuary)
  A wyvern skeleton (D:9)
  4 scorpions
  2 electric eels (Lair:3)
  12 wights
  5 howler monkeys
  2 crimson imps (D:11)
  5 bog bodies (Ossuary)
  7 giant frog zombies
  5 jellies
  2 quasits (D:9)
  Crazy Yiuf (D:4)
  6 centaur zombies
  A hound (D:12)
  5 gnoll shamans (D:5)
  28 orc priests
  25 orc wizards
  Natasha (D:2)
  5 giant frog skeletons
  10 iguanas
  5 hell rats (Lair:1)
  10 worker ants
  2 killer bee zombies
  20 sheep
  A hound zombie (Ossuary)
  A hound skeleton (D:7)
  8 mummies
  7 worker ant zombies
  A howler monkey zombie (Ossuary)
  47 gnolls
  A howler monkey skeleton (D:4)
  21 adders
  70 river rats
  3 shadow imps
  3 adder zombies
  4 adder skeletons
  2 worms
  3 dart slugs (D:1)
  5 giant geckos
  105 orcs
  4 giant cockroaches
  2 gnoll zombies (D:8)
  5 goblins
  5 hobgoblins
  18 jackals
  7 quokkas
  2 ball pythons
  5 bats
  A giant cockroach zombie (D:6)
  2 giant gecko skeletons
  4 giant gecko zombies
  10 giant newts
  2 jackal skeletons
  A jackal zombie (Ossuary)
  58 kobolds
  A quokka skeleton (D:6)
  A quokka zombie (D:8)
  7 rats
  7 plants
1038 creatures vanquished.

Vanquished Creatures (collateral kills)
  Polyphemus (Shoals:2)
  Maud (Lair:3)
  An orc warlord (Orc:2)
  Nessos (D:12)
  3 dire elephants (Lair:8)
  A merfolk javelineer (Shoals:4)
  A merfolk impaler (Shoals:4)
  A catoblepas (Shoals:2)
  Erolcha (D:12)
  A hydra (Lair:6)
  3 orc high priests (Orc:2)
  The ghost of pedritolo the Covert, a novice SpEn of Ashenzari (Lair:6)
  An orc knight (Orc:2)
  An ice statue (IceCv)
  A black mamba (Lair:6)
  A spiny frog (Lair:6)
  2 merfolk
  5 yaks (Lair:6)
  A warg (Orc:2)
  4 orc warriors (Orc:2)
  2 ogres
  7 orc priests (Orc:2)
  An orc wizard (Orc:2)
  A sheep (Lair:8)
  11 orcs
  A fungus (Lair:8)
55 creatures vanquished.

Vanquished Creatures (others)
  A merfolk javelineer (Shoals:4)
  2 fauns
  A cyclops (Shoals:2)
  A manticore (Shoals:3)
  A worker ant (D:4)
  A worm (D:4)
  An orc (Orc:1)
  3 kobolds (D:4)
  A quokka (D:4)
  3 fungi (Lair:8)
  8 plants
  A withered plant (Ossuary)
24 creatures vanquished.

Grand Total: 1117 creatures vanquished

Notes
Turn   | Place    | Note
--------------------------------------------------------------
     0 | D:1      | Mesmaeker13 the Merfolk Gladiator began the quest for the Orb.
     0 | D:1      | Reached XP level 1. HP: 16/16 MP: 1/1
   165 | D:1      | Reached XP level 2. HP: 22/22 MP: 2/2
   210 | D:1      | Reached skill level 5 in Polearms
   424 | D:1      | Reached XP level 3. HP: 27/27 MP: 3/3
   695 | D:2      | Reached skill level 5 in Dodging
   741 | D:2      | Reached XP level 4. HP: 29/33 MP: 4/4
  1087 | D:2      | Noticed Natasha
  1098 | D:2      | Killed Natasha
  1772 | D:3      | Found a faded altar to an unknown god.
  1794 | D:3      | Reached XP level 5. HP: 12/39 MP: 5/5
  2012 | D:3      | Noticed Sigmund
  2021 | D:3      | Killed Sigmund
  2021 | D:3      | Reached skill level 1 in Shields
  2021 | D:3      | Reached XP level 6. HP: 45/45 MP: 6/6
  2286 | D:3      | Found a white marble altar of Elyvilon.
  2420 | D:3      | Found a snail-covered altar of Cheibriados.
  3004 | D:4      | Reached XP level 7. HP: 50/51 MP: 7/7
  3635 | D:4      | Noticed Pikel
  3652 | D:4      | Killed Pikel
  3652 | D:4      | Reached XP level 8. HP: 50/61 MP: 8/8
  3814 | D:4      | Reached skill level 5 in Fighting
  4238 | D:4      | Found a glowing golden altar of the Shining One.
  4243 | D:4      | Became a worshipper of the Shining One
  4270 | D:4      | Reached skill level 5 in Shields
  4507 | D:4      | Noticed Crazy Yiuf
  4515 | D:4      | Killed Crazy Yiuf
  4725 | D:5      | Entered Level 5 of the Dungeon
  5043 | D:5      | Reached XP level 9. HP: 69/69 MP: 9/9
  5470 | D:5      | Reached skill level 1 in Invocations
  5500 | D:5      | Reached skill level 10 in Dodging
  5563 | D:5      | Reached skill level 1 in Armour
  5662 | D:5      | Found a staircase to the Ecumenical Temple.
  5675 | D:5      | Noticed Menkaure
  5675 | D:5      | Reached * piety under the Shining One
  5689 | D:5      | Killed Menkaure
  5704 | Temple   | Entered the Ecumenical Temple
  5850 | D:5      | Found an iron altar of Okawaru.
  5894 | D:5      | Found a sacrificial altar of Ru.
  6114 | D:6      | Got a scorched war axe
  6115 | D:6      | Identified the +9 war axe of Piynwiat {chop, +Fly rPois} (You found it on level 6 of the Dungeon)
  6188 | D:6      | Noticed raph's ghost (novice HEWr)
  6213 | D:6      | Killed raph's ghost
  6320 | D:6      | Reached XP level 10. HP: 69/79 MP: 12/12
  6422 | D:6      | Found a sand-covered staircase.
  6430 | Ossuary  | Entered an ossuary
  6468 | Ossuary  | Reached ** piety under the Shining One
  6506 | Ossuary  | Reached *** piety under the Shining One
  6572 | Ossuary  | Reached **** piety under the Shining One
  6821 | D:6      | Reached skill level 5 in Invocations
  7056 | D:6      | Found a sparkling altar of Nemelex Xobeh.
  7150 | D:6      | Reached ***** piety under the Shining One
  7259 | D:7      | Found a shadowy altar of Dithmenos.
  7259 | D:7      | Noticed Joseph
  7273 | D:7      | Killed Joseph
  8050 | D:8      | Found a blossoming altar of Fedhas.
  8143 | D:8      | Found a staircase to the Lair.
  8145 | D:8      | Found Tuhusech's Distillery.
  8162 | D:8      | Bought a potion of heal wounds for 70 gold pieces
  8222 | D:8      | Found Xotukhlaa's Food Shop.
  8255 | D:8      | Found Weahomua's Antique Armour Shoppe.
  8263 | D:8      | Bought a glowing chain mail for 126 gold pieces
  8318 | D:8      | Found a stormy altar of Qazlal.
  8395 | D:8      | Found a basalt altar of Yredelemnul.
  8465 | D:8      | Found Lurof's Antique Weapon Shop.
  8470 | D:8      | Bought an ichor-stained trident for 255 gold pieces
  8471 | D:8      | Identified the +9 trident "Qoenocewed" {pierce, Int+4} (You bought it in a shop on level 8 of the Dungeon)
  8822 | D:9      | Found Iklith's Food Shop.
  8893 | D:9      | Reached XP level 11. HP: 87/89 MP: 15/15
  8899 | D:9      | Found an opulent altar of Gozag.
  8903 | D:9      | Found a burning altar of Makhleb.
  8956 | D:9      | Found a shimmering altar of Xom.
  8960 | D:9      | Found a glowing silver altar of Zin.
  8961 | D:9      | Found a bloodstained altar of Trog.
  9197 | D:9      | Found an oddly glowing altar of Pakellas.
  9297 | D:10     | Entered Level 10 of the Dungeon
  9297 | D:10     | Found a staircase to the Orcish Mines.
  9297 | D:10     | Noticed a hill giant
  9307 | D:9      | Killed a hill giant
  9912 | D:10     | Noticed a hill giant
  9922 | D:10     | Killed a hill giant
 10002 | D:10     | Reached ****** piety under the Shining One
 10177 | D:10     | Noticed junkhipster's ghost (journeyman GrFi)
 10227 | D:10     | Killed junkhipster's ghost
 10227 | D:10     | Reached skill level 5 in Armour
 10751 | D:11     | Noticed Gastronok
 10769 | D:11     | Killed Gastronok
 10769 | D:11     | Reached skill level 10 in Fighting
 10936 | D:11     | Noticed a cyclops
 10956 | D:11     | Killed a cyclops
 10980 | D:11     | Reached XP level 12. HP: 75/97 MP: 18/18
 11628 | D:12     | Noticed a six-headed hydra
 11640 | D:12     | Killed a six-headed hydra
 11742 | D:12     | Noticed Erolcha
 11752 | D:12     | Killed Erolcha
 12037 | D:12     | Reached skill level 10 in Shields
 12038 | D:12     | Noticed Nessos
 12073 | D:12     | Killed Nessos
 12164 | Orc:1    | Entered Level 1 of the Orcish Mines
 12960 | Orc:2    | Entered Level 2 of the Orcish Mines
 13298 | Orc:2    | Noticed an orc high priest
 13309 | Orc:2    | Killed an orc high priest
 13344 | Orc:2    | Noticed an orc high priest
 13352 | Orc:2    | Killed an orc high priest
 13364 | Orc:2    | Found Wyoquock's Weapon Shoppe.
 13364 | Orc:2    | Found Esaivekk's Jewellery Boutique.
 13372 | Orc:2    | Found a roughly hewn altar of Beogh.
 13382 | Orc:2    | Noticed an orc high priest
 13386 | Orc:2    | Killed an orc high priest
 13485 | Orc:2    | Found Luis Qeg's Antique Armour Shoppe.
 13485 | Orc:2    | Noticed an orc high priest
 13503 | Orc:2    | Killed an orc high priest
 13503 | Orc:2    | Reached skill level 10 in Polearms
 13503 | Orc:2    | Reached XP level 13. HP: 65/104 MP: 20/20
 13542 | Orc:2    | Found Qefarap's Weapon Boutique.
 13557 | Orc:2    | Found a staircase to the Elven Halls.
 13852 | Orc:2    | Found a roughly hewn altar of Beogh.
 13903 | Orc:2    | Reached skill level 10 in Invocations
 14142 | Orc:1    | Noticed Harold
 14143 | Orc:1    | Noticed an orc warlord
 14680 | Orc:2    | Killed an orc warlord
 14686 | Orc:2    | Killed Harold
 15060 | Lair:1   | Entered Level 1 of the Lair of Beasts
 16871 | Lair:2   | Found a frozen archway.
 16900 | IceCv    | Entered an ice cave
 16946 | IceCv    | Got a shimmering ring mail
 16960 | IceCv    | Identified the +3 ring mail "Eczegod" {+Inv rC- rN+} (You found it in an ice cave)
 17012 | IceCv    | Got a fine plate armour
 17024 | IceCv    | Identified the +5 plate armour of Action {+Inv rF+} (You found it in an ice cave)
 17409 | Lair:2   | Got a brightly glowing copper amulet
 18181 | Lair:3   | Noticed Maud
 18193 | Lair:3   | Killed Maud
 18286 | Lair:3   | Reached XP level 14. HP: 68/111 MP: 22/22
 18717 | Lair:3   | Noticed Nergalle
 18743 | Lair:3   | Killed Nergalle
 18875 | Lair:3   | Noticed Snorg
 18893 | Lair:3   | Killed Snorg
 19213 | Lair:4   | Found a staircase to the Shoals.
 19871 | Lair:4   | Found a hole to the Spider Nest.
 20768 | Lair:6   | Found a viscous altar of Jiyva.
 20768 | Lair:6   | Found a staircase to the Slime Pits.
 20773 | Lair:6   | Noticed pedritolo's ghost (novice SpEn)
 20781 | Lair:6   | Killed pedritolo's ghost
 22104 | Lair:8   | Entered Level 8 of the Lair of Beasts
 22136 | Lair:8   | Found a labyrinth entrance.
 22908 | Lair:8   | Noticed a dire elephant
 22923 | Lair:8   | Killed a dire elephant
 22933 | Lair:8   | Noticed a dire elephant
 22933 | Lair:8   | Noticed a dire elephant
 22950 | Lair:8   | Killed a dire elephant
 22950 | Lair:8   | Reached XP level 15. HP: 117/117 MP: 17/24
 23483 | Lair:8   | Identified a +8 rod of ignition (11/11) (You found it on level 8 of the Lair of Beasts)
 23565 | Lair:8   | Got a translucent ivory ring
 23567 | Lair:8   | Identified the ring "Yczeabux" {rPois rC+ MR+ Int-5 Dex+2} (You found it on level 8 of the Lair of Beasts)
 23846 | Lair:1   | Identified the amulet "Esigg" {Gourm rF+ Dex+4 SInv} (You found it on level 2 of the Lair of Beasts)
 24037 | D:13     | Got a jewelled cloak
 24090 | D:13     | Identified the cursed -2 cloak "Rumonkie" {*Confuse rElec Slay+2} (You found it on level 13 of the Dungeon)
 24265 | Lair:1   | Learned a level 4 spell: Summon Ice Beast
 25056 | D:14     | Found a stormy altar of Qazlal.
 25134 | D:14     | Found Zuitior's Antique Weapon Shoppe.
 25142 | D:14     | Bought a bloodstained bardiche for 462 gold pieces
 25148 | D:14     | Identified the +3 bardiche of Growth {elec, rPois MR+ Int+3} (You bought it in a shop on level 14 of the Dungeon)
 25186 | D:14     | Identified a scroll of acquirement
 25190 | D:14     | Got a faintly humming plate armour
 25201 | D:14     | Identified the +10 plate armour "Jilol" {rC+} (You acquired it on level 14 of the Dungeon)
 25342 | D:14     | Found a gate to the Vaults.
 25697 | D:15     | Entered Level 15 of the Dungeon
 25815 | D:15     | Reached skill level 15 in Polearms
 26145 | D:15     | Noticed a tengu reaver
 26146 | D:15     | Noticed a shadow dragon
 26147 | D:15     | Noticed a frost giant
 26183 | D:15     | Killed a shadow dragon
 26198 | D:15     | Killed a tengu reaver
 26229 | D:15     | Noticed a frost giant
 26581 | D:15     | Killed a frost giant
 26600 | D:15     | Killed a frost giant
 27293 | D:15     | Found a staircase to the Depths.
 27912 | Shoals:1 | Entered Level 1 of the Shoals
 27916 | Shoals:1 | Gained mutation: You are somewhat resistant to further mutation. [potion of beneficial mutation]
 28739 | Shoals:1 | Reached XP level 16. HP: 71/124 MP: 25/25
 29338 | Shoals:1 | Reached skill level 15 in Dodging
 30568 | Shoals:2 | Noticed Polyphemus
 30621 | Shoals:2 | Killed Polyphemus
 31399 | Shoals:2 | Reached skill level 15 in Shields
 31858 | Shoals:3 | Reached skill level 1 in Summonings
 32530 | Shoals:3 | Noticed Nikola
 32550 | Shoals:3 | Killed Nikola
 33285 | Shoals:4 | Entered Level 4 of the Shoals
 33582 | Shoals:3 | Reached XP level 17. HP: 115/132 MP: 26/26
 34240 | Shoals:4 | Reached skill level 5 in Summonings
 34435 | Shoals:4 | Noticed Ilsuiw
 34444 | Shoals:4 | Killed Ilsuiw
 34507 | Shoals:4 | Hit by a javelin thrown by a merfolk javelineer

Skill      XL: |  1  2  3  4  5  6  7  8  9 10 11 12 13 14 15 16 17 |
---------------+----------------------------------------------------+-----
Polearms       | 5 6 7 8 10 12 14 16 17 | 17.3
Dodging        | 5 6 7 8 9 10 12 14 16 17 | 17.2
Shields        | 1 2 4 5 6 7 9 10 12 13 14 15 | 15.0
Fighting       | 4 5 7 9 10 11 12 | 12.3
Invocations    | 3 6 8 9 11 12 | 12.0
Armour         | 2 4 5 7 8 |  8.0
Summonings     | 4 6 |  6.0
Throwing       | |  2.0

Action                   |  1- 3 |  4- 6 |  7- 9 | 10-12 | 13-15 | 16-18 || total
-------------------------+-------+-------+-------+-------+-------+-------++-------
Melee: Trident           |    98 |   254 |   538 |   642 |  1714 |   664 ||  3910
       Tailslap          |       |       |    25 |     2 |    11 |    32 ||    70
       Spear             |       |       |    59 |       |       |       ||    59
       War axe           |       |       |    34 |   213 |       |       ||   247
       Bardiche          |       |       |       |       |     9 |       ||     9
Invok: Divine Shield     |       |       |       |     7 |    22 |     4 ||    33
       Summon Divine War |       |       |       |     4 |     7 |     2 ||    13
       Cleansing Flame   |       |       |       |       |     3 |       ||     3
Evoke: Rod               |       |       |       |       |     1 |       ||     1
  Use: Scroll            |       |     3 |     1 |    14 |    19 |     8 ||    45
       Potion            |       |     1 |     1 |     5 |     4 |    20 ||    31
 Stab: Sleeping          |     6 |     1 |       |       |       |       ||     7
       Petrifying        |       |       |       |       |       |     1 ||     1
  Eat: Chunk             |       |     7 |     6 |    23 |    48 |     6 ||    90
       Meat ration       |       |       |     1 |       |     1 |     1 ||     3
       Fruit             |       |       |     1 |       |     6 |     3 ||    10
       Pizza             |       |       |       |     3 |       |       ||     3
       Beef jerky        |       |       |       |       |     1 |     1 ||     2
Armor: Leather armour    |    20 |    28 |       |       |       |       ||    48
       Scale mail        |       |    39 |   145 |    60 |       |       ||   244
       Chain mail        |       |       |       |   137 |   380 |   131 ||   648
Dodge: Dodged            |    44 |   128 |   319 |   203 |   446 |   286 ||  1426
Block: Buckler           |       |    31 |   124 |       |       |       ||   155
       Shield            |       |       |     8 |   365 |   766 |   500 ||  1639
       Reflection        |       |       |       |       |     5 |    82 ||    87
